[Event "IIFL Wealth 4th Mumbai GM"]
[Site "Mumbai"]
[Date "2018.12.30"]
[Round "1"]
[White "Khusenkhojaev, Muhammad"]
[Black "Surendran N"]
[Result "1-0"]
[ECO "E06"]
[WhiteElo "2455"]
[BlackElo "2176"]
[Annotator "ChessBase"]
[PlyCount "84"]
[EventDate "2018.12.30"]
[EventType "swiss"]
[EventCountry "IND"]
[SourceTitle "playchess.com"]
[Source "ChessBase"]
[SourceQuality "1"]
[TimeControl "40/5400+30:1800+30"]

1. d4 Nf6 2. c4 e6 3. g3 d5 4. Nf3 Be7 5. Bg2 O-O 6. O-O dxc4 7. Ne5 Nc6 8. Nxc6 bxc6 9. Na3 Bxa3 10. bxa3 Ba6 11. Qd2 Rb8 12. Qa5 Rb6 13. a4 Qc8 14. Ba3 Rd8 15. Rfb1 Qb7 16. Rd1 Nd5 17. e4 Nb4 18. Bxb4 Rxb4 19. d5 c3 20. dxe6 Rxd1+ 21. Rxd1 Rb1 22. exf7+ Kxf7 23. Qh5+ Kf8 24. e5 Rxd1+ 25. Qxd1 Bc4 26. Qd8+ Kf7 27. Qd7+ Kf8 28. Be4 Qb4 29. Qd8+ Kf7 30. Qxc7+ Ke6 31. f4 Qb6+ 32. Qxb6 axb6 33. Kf2 Bd5 34. Bxh7 Bxa2 35. Ke3 Ke7 36. Be4 Bd5 37. Bxd5 cxd5 38. Kd3 d4 39. f5 Kd7 40. h4 Kc6 41. h5 Kc5 42. f6 gxf6 1-0

[Event "IIFL Wealth 4th Mumbai GM"]
[Site "Mumbai"]
[Date "2018.12.30"]
[Round "1"]
[White "Shyaamnikhil P"]
[Black "Subrota, Biswas"]
[Result "1-0"]
[ECO "B23"]
[WhiteElo "2448"]
[BlackElo "2171"]
[Annotator "NA"]
[PlyCount "53"]
[EventDate "2018.12.30"]
[EventType "swiss"]
[EventCountry "IND"]
[SourceTitle "playchess.com"]
[Source "ChessBase"]
[SourceQuality "1"]
[TimeControl "40/5400+30:1800+30"]

1. e4 c5 2. Nc3 Nc6 3. Nge2 e5 4. Nd5 d6 5. Nec3 Nf6 6. Bc4 Be7 7. O-O O-O 8. d3 Na5 9. Nxe7+ Qxe7 10. Bg5 Nxc4 11. dxc4 Qe6 12. Qf3 Ne8 13. Qd3 Bd7 14. f4 f6 15. f5 Qf7 16. Bd2 Bc6 17. Rf3 Nc7 18. Rh3 Rad8 19. b3 g5 20. fxg6 hxg6 21. Bh6 Rfe8 22. Rf1 b5 23. cxb5 Bb7 24. Qg3 Bc8 25. Rh4 f5 26. exf5 Bxf5 27. Rh5 1-0

[Event "IIFL Wealth 4th Mumbai GM"]
[Site "Mumbai"]
[Date "2018.12.30"]
[Round "1"]
[White "Czebe, Attila"]
[Black "Vantika Agrawal"]
[Result "1/2-1/2"]
[ECO "A05"]
[WhiteElo "2417"]
[BlackElo "2143"]
[Annotator "NA"]
[PlyCount "100"]
[EventDate "2018.12.30"]
[EventType "swiss"]
[EventCountry "IND"]
[SourceTitle "playchess.com"]
[Source "ChessBase"]
[SourceQuality "1"]
[TimeControl "40/5400+30:1800+30"]

1. Nf3 Nf6 2. g3 g6 3. b3 Bg7 4. Bb2 O-O 5. Bg2 d6 6. d4 a5 7. O-O a4 8. Nc3 axb3 9. axb3 Rxa1 10. Qxa1 Na6 11. e4 c6 12. Ne1 h5 13. h3 Nd7 14. Ne2 e5 15. Nd3 Re8 16. Rd1 Qc7 17. Ne1 Nf8 18. Nf3 Nb4 19. Qb1 Ne6 20. c3 Na6 21. Qc2 Bd7 22. Kh2 Nf8 23. c4 c5 24. dxe5 dxe5 25. Nc3 Nb4 26. Nd5 Nxc2 27. Nxc7 Rc8 28. Nd5 Re8 29. Bxe5 Rxe5 30. Nxe5 Bxe5 31. f4 Bd4 32. e5 Kg7 33. Be4 Na1 34. b4 Ba4 35. Rb1 Ne6 36. Nf6 Nb3 37. bxc5 Nexc5 38. Rd1 Nxe4 39. Nxe4 Bc6 40. Nf6 Bb6 41. Rb1 Ba4 42. Ne8+ Kf8 43. Nd6 Be3 44. f5 b6 45. fxg6 Nd2 46. Ra1 Bc6 47. gxf7 Nf3+ 48. Kg2 Nd2+ 49. Kh2 Nf3+ 50. Kg2 Nd2+ 1/2-1/2

[Event "IIFL Wealth 4th Mumbai GM"]
[Site "Mumbai"]
[Date "2018.12.30"]
[Round "1"]
[White "Sardana, Rishi"]
[Black "Gandhi, Anish"]
[Result "1-0"]
[ECO "B90"]
[WhiteElo "2398"]
[BlackElo "2134"]
[Annotator "NA"]
[PlyCount "81"]
[EventDate "2018.12.30"]
[EventType "swiss"]
[EventCountry "IND"]
[SourceTitle "playchess.com"]
[Source "ChessBase"]
[SourceQuality "1"]
[TimeControl "40/5400+30:1800+30"]

1. e4 c5 2. Nf3 d6 3. d4 cxd4 4. Nxd4 Nf6 5. Nc3 a6 6. h3 e5 7. Nde2 h5 8. g3 Be6 9. Bg2 Nbd7 10. a4 Rc8 11. O-O Be7 12. b3 h4 13. g4 Nh7 14. Be3 Nb8 15. a5 Nc6 16. Na4 Bg5 17. Bb6 Qd7 18. c4 Nf6 19. Qd3 Nxg4 20. hxg4 Bxg4 21. Bf3 Nb4 22. Qc3 Rh6 23. Kh2 Rf6 24. Bxg4 Qxg4 25. Qh3 Bf4+ 26. Nxf4 Qxf4+ 27. Kh1 Qxe4+ 28. f3 Qc6 29. Nc3 Qd7 30. Qxd7+ Kxd7 31. Rad1 Kc6 32. Rd2 Re8 33. Rfd1 Rg6 34. Ra1 Kd7 35. Bc5 Nc6 36. Ne4 Ree6 37. Rad1 Nxa5 38. Bxd6 Kc6 39. Bb8 Nxb3 40. Rd7 Re8 41. R7d6+ {[%emt 0:00:58] Kd5} 1-0

[Event "IIFL Wealth 4th Mumbai GM"]
[Site "Mumbai"]
[Date "2018.12.30"]
[Round "1"]
[White "Mohammad Fahad, Rahman"]
[Black "Vatsal Singhania"]
[Result "1-0"]
[ECO "B67"]
[WhiteElo "2381"]
[BlackElo "2130"]
[Annotator "NA"]
[PlyCount "48"]
[EventDate "2018.12.30"]
[EventType "swiss"]
[EventCountry "IND"]
[SourceTitle "playchess.com"]
[Source "ChessBase"]
[SourceQuality "1"]
[TimeControl "40/5400+30:1800+30"]

1. e4 c5 2. Nf3 d6 3. d4 cxd4 4. Nxd4 Nf6 5. Nc3 Nc6 6. Bg5 e6 7. Qd2 a6 8. O-O-O Bd7 9. f4 h6 10. Bxf6 Qxf6 11. Nf3 Qd8 12. g4 b5 13. f5 Be7 14. Kb1 b4 15. Ne2 Ne5 16. Ned4 a5 17. fxe6 fxe6 18. Nxe5 dxe5 19. Nxe6 Bxe6 20. Bb5+ Kf7 21. Qf2+ Bf6 22. Rxd8 Rf8 23. Rxa8 Rxa8 24. Qe2 Rd8 1-0

[Event "IIFL Wealth 4th Mumbai GM"]
[Site "Mumbai"]
[Date "2018.12.30"]
[Round "1"]
[White "Raghunandan, Kaumandur Srihari"]
[Black "Saksham Rautela"]
[Result "1/2-1/2"]
[ECO "A61"]
[WhiteElo "2378"]
[BlackElo "2123"]
[Annotator "NA"]
[PlyCount "127"]
[EventDate "2018.12.30"]
[EventType "swiss"]
[EventCountry "IND"]
[SourceTitle "playchess.com"]
[Source "ChessBase"]
[SourceQuality "1"]
[TimeControl "40/5400+30:1800+30"]

1. d4 Nf6 2. c4 c5 3. d5 e6 4. Nc3 exd5 5. cxd5 d6 6. Nf3 g6 7. Bf4 Bg7 8. Qa4+ Bd7 9. Qb3 b5 10. Bxd6 Qb6 11. Be5 O-O 12. e3 c4 13. Qd1 b4 14. Nb1 Bb5 15. a3 Nbd7 16. Bd4 Qa5 17. Qd2 c3 18. bxc3 Ne4 19. Qc2 Nxc3 20. Bxb5 Bxd4 21. Nxd4 Nxb5 22. Nb3 Qa4 23. axb4 Qxb4+ 24. N1d2 Nf6 25. Qc6 Ne4 26. Qc4 Qxc4 27. Nxc4 Nec3 28. d6 Rac8 29. Nba5 Rfd8 30. f3 Nxd6 31. Ne5 Re8 32. Nac6 Nc4 33. Nxa7 Nxe5 34. Nxc8 Rxc8 35. e4 Nb5 36. O-O Nd4 37. Ra2 Kg7 38. Rd1 Nec6 39. Rad2 Ne6 40. Rc2 Rd8 41. Rd5 Nb4 42. Rxd8 Nxc2 43. Rd7 Ncd4 44. Kf2 g5 45. Ke3 Nc6 46. Rd1 Ne5 47. Rc1 Kg6 48. Rc8 Kg7 49. g3 Ng6 50. Rc1 Kf6 51. Rb1 h5 52. Rb5 h4 53. Rf5+ Ke7 54. Kd3 hxg3 55. hxg3 Kd6 56. Ke3 Ke7 57. Kf2 Ke8 58. Kg2 Ke7 59. Ra5 Kf6 60. Ra6 Kg7 61. Ra5 Kf6 62. Rf5+ Ke7 63. Kf2 Ke8 64. Ke3 1/2-1/2

[Event "IIFL Wealth 4th Mumbai GM"]
[Site "Mumbai"]
[Date "2018.12.30"]
[Round "1"]
[White "Rathnakaran, K.."]
[Black "Mahindrakar Indrajeet"]
[Result "1-0"]
[ECO "B04"]
[WhiteElo "2366"]
[BlackElo "2106"]
[Annotator "NA"]
[PlyCount "61"]
[EventDate "2018.12.30"]
[EventType "swiss"]
[EventCountry "IND"]
[SourceTitle "playchess.com"]
[Source "ChessBase"]
[SourceQuality "1"]
[TimeControl "40/5400+30:1800+30"]

1. e4 Nf6 2. e5 Nd5 3. d4 d6 4. Nf3 dxe5 5. dxe5 Bg4 6. h3 Bxf3 7. gxf3 e6 8. c3 Qh4 9. Rg1 Bc5 10. Qc2 Nc6 11. Rg4 Qh5 12. f4 O-O-O 13. Nd2 f5 14. exf6 gxf6 15. b4 Bxb4 16. cxb4 Nd4 17. Qc5 e5 18. Bb2 f5 19. Rg5 Qh4 20. Bxd4 exd4 21. O-O-O Qxf4 22. Rg3 Nc3 23. Qxa7 Qe5 24. Rxc3 dxc3 25. Qa8+ Kd7 26. Nf3+ Ke7 27. Qxd8+ Rxd8 28. Nxe5 Ra8 29. Bc4 Kf6 30. f4 b5 31. Bb3 1-0

[Event "IIFL Wealth 4th Mumbai GM"]
[Site "Mumbai"]
[Date "2018.12.30"]
[Round "1"]
[White "Kulkarni, Vikramaditya"]
[Black "Kavinda, Akila"]
[Result "1-0"]
[ECO "A10"]
[WhiteElo "2345"]
[BlackElo "2092"]
[Annotator "NA"]
[PlyCount "81"]
[EventDate "2018.12.30"]
[EventType "swiss"]
[EventCountry "IND"]
[SourceTitle "playchess.com"]
[Source "ChessBase"]
[SourceQuality "1"]
[TimeControl "40/5400+30:1800+30"]

1. c4 g6 2. e4 e5 3. f4 exf4 4. d4 Qh4+ 5. Ke2 Nf6 6. Nf3 Qg4 7. Nc3 Bb4 8. e5 Qe6 9. Nb5 O-O 10. a3 Ba5 11. b4 c6 12. d5 Qe7 13. d6 Qe6 14. Nbd4 Qxc4+ 15. Qd3 Qxd3+ 16. Kxd3 Ng4 17. bxa5 Nf2+ 18. Ke2 Nxh1 19. Bxf4 b6 20. Ke3 Ba6 21. Bxa6 Nxa6 22. Rxh1 Nc5 23. Bg5 bxa5 24. Rc1 Ne6 25. Be7 Rfb8 26. Nxe6 Rb3+ 27. Ke2 fxe6 28. Nd4 Rb2+ 29. Kf3 Rb7 30. Kg4 Rc8 31. Rc5 h6 32. h4 Kf7 33. g3 a4 34. Kf4 Rcb8 35. Bf6 Ke8 36. Bg7 h5 37. Kg5 Kf7 38. Kh6 Rg8 39. Bf6 Rgb8 40. Bg7 Rg8 41. Bf6 1-0

[Event "IIFL Wealth 4th Mumbai GM"]
[Site "Mumbai"]
[Date "2018.12.30"]
[Round "1"]
[White "Ritviz, Parab"]
[Black "abzid, Rahman"]
[Result "1-0"]
[ECO "B20"]
[WhiteElo "2338"]
[BlackElo "2040"]
[Annotator "NA"]
[PlyCount "35"]
[EventDate "2018.12.30"]
[EventType "swiss"]
[EventCountry "IND"]
[SourceTitle "playchess.com"]
[Source "ChessBase"]
[SourceQuality "1"]
[TimeControl "40/5400+30:1800+30"]

1. e4 c5 2. f3 Nc6 3. f4 e6 4. Nf3 a6 5. g3 h5 6. h3 Qc7 7. d3 b5 8. Bg2 Bb7 9. Be3 Rc8 10. O-O Be7 11. Qe2 Nd4 12. Nxd4 cxd4 13. Bxd4 Rh6 14. Bxg7 Rg6 15. Be5 Qb6+ 16. Kh2 b4 17. d4 h4 18. g4 {[%emt 0:11:42] hxg3+ Kh1 [%clk 1:10:15]} 1-0

[Event "IIFL Wealth 4th Mumbai GM"]
[Site "Mumbai"]
[Date "2018.12.30"]
[Round "1"]
[White "Ameir, Moheb"]
[Black "Thapa, Krishna"]
[Result "1-0"]
[ECO "B44"]
[WhiteElo "2327"]
[BlackElo "2024"]
[Annotator "NA"]
[PlyCount "81"]
[EventDate "2018.12.30"]
[EventType "swiss"]
[EventCountry "IND"]
[SourceTitle "playchess.com"]
[Source "ChessBase"]
[SourceQuality "1"]
[TimeControl "40/5400+30:1800+30"]

1. e4 c5 2. Nf3 e6 3. d4 cxd4 4. Nxd4 Nc6 5. Nb5 d6 6. c4 a6 7. N5c3 Nf6 8. Be2 Be7 9. Be3 O-O 10. O-O Qc7 11. Na3 Bd7 12. Rc1 Ne5 13. f4 Ng6 14. Nab1 Rad8 15. Nd2 Rfe8 16. Qe1 Bf8 17. Qf2 Rc8 18. g4 Bc6 19. b4 b6 20. b5 Bb7 21. bxa6 Bxa6 22. c5 b5 23. g5 b4 24. gxf6 bxc3 25. Bxa6 cxd2 26. Qxd2 Ra8 27. Bb5 Reb8 28. fxg7 Kxg7 29. cxd6 Qxd6 30. Qd3 Qd5 31. Qxd5 Be7 32. Qd6 Bxd6 33. a4 e5 34. Rc6 Rd8 35. Bb6 Rd7 36. Rc4 Rb7 37. Bc6 Rc8 38. Bxb7 Rxc4 39. a5 Bb8 40. f5 Rb4 41. fxg6 1-0

[Event "IIFL Wealth 4th Mumbai GM"]
[Site "Mumbai"]
[Date "2018.12.30"]
[Round "1"]
[White "Elgabry, Mohsen"]
[Black "Nepal, Prakash"]
[Result "1/2-1/2"]
[ECO "A04"]
[WhiteElo "2305"]
[BlackElo "1902"]
[Annotator "NA"]
[PlyCount "114"]
[EventDate "2018.12.30"]
[EventType "swiss"]
[EventCountry "IND"]
[SourceTitle "playchess.com"]
[Source "ChessBase"]
[SourceQuality "1"]
[TimeControl "40/5400+30:1800+30"]

1. Nf3 c5 2. g3 Nc6 3. Bg2 g6 4. O-O Bg7 5. c4 e6 6. Nc3 Nge7 7. d3 O-O 8. Bf4 e5 9. Bd2 d6 10. Ne1 Be6 11. Nd5 Qd7 12. Rb1 Rab8 13. b4 Kh8 14. b5 Nd8 15. Nxe7 Qxe7 16. Nc2 Qd7 17. Ne3 Bh3 18. Qa4 Bxg2 19. Kxg2 Ra8 20. Nd5 Ne6 21. e4 Nd4 22. Be3 Ne6 23. f4 exf4 24. Bxf4 Nc7 25. Nxc7 Qxc7 26. Qc2 Qe7 27. a4 Rae8 28. Rbe1 Qd7 29. Qd2 Re6 30. Re2 f5 31. Rfe1 fxe4 32. Rxe4 Rfe8 33. Rxe6 Rxe6 34. Rxe6 Qxe6 35. Qe3 Qxe3 36. Bxe3 Kg8 37. Kf3 Kf7 38. Ke4 Ke6 39. g4 a6 40. bxa6 bxa6 41. d4 cxd4 42. Bxd4 Bh6 43. h3 Bd2 44. Bf2 Bc1 45. Be1 h5 46. gxh5 gxh5 47. Bc3 Bg5 48. Bd4 Bc1 49. Bg1 Bg5 50. Bh2 Bh6 51. Bf4 Bg7 52. Bd2 Be5 53. Be3 Bg3 54. Bg5 Be5 55. Be3 Bg3 56. Bd4 Bh2 57. Bc3 Bg3 1/2-1/2

[Event "IIFL Wealth 4th Mumbai GM"]
[Site "Mumbai"]
[Date "2018.12.30"]
[Round "1"]
[White "Sangma, Rahul"]
[Black "Larmet, Nino"]
[Result "1-0"]
[ECO "C91"]
[WhiteElo "2289"]
[BlackElo "1835"]
[Annotator "NA"]
[PlyCount "67"]
[EventDate "2018.12.30"]
[EventType "swiss"]
[EventCountry "IND"]
[SourceTitle "playchess.com"]
[Source "ChessBase"]
[SourceQuality "1"]
[TimeControl "40/5400+30:1800+30"]

1. e4 e5 2. Nf3 Nc6 3. Bb5 a6 4. Ba4 Nf6 5. O-O Be7 6. Re1 b5 7. Bb3 O-O 8. d4 d6 9. c3 Bg4 10. Be3 Re8 11. Nbd2 Bf8 12. h3 Bd7 13. Ng5 Re7 14. f4 h6 15. Ngf3 exd4 16. Nxd4 Na5 17. Bc2 c5 18. N4f3 Bc6 19. Bf2 Re8 20. Bh4 Be7 21. Qe2 Nd7 22. Qf2 Bb7 23. Rad1 Nc6 24. Nf1 Qc7 25. Ne3 Bxh4 26. Nxh4 Ne7 27. Nef5 Nxf5 28. Nxf5 Re6 29. Qg3 Rg6 30. Ne7+ Kh7 31. e5 dxe5 32. Nxg6 fxg6 33. Qxg6+ Kg8 34. Qe6+ 1-0

[Event "IIFL Wealth 4th Mumbai GM"]
[Site "Mumbai"]
[Date "2018.12.30"]
[Round "1"]
[White "Balasubramaniam H"]
[Black "Kishor, Shazzad"]
[Result "1-0"]
[ECO "C10"]
[WhiteElo "2270"]
[BlackElo "1730"]
[Annotator "NA"]
[PlyCount "56"]
[EventDate "2018.12.30"]
[EventType "swiss"]
[EventCountry "IND"]
[SourceTitle "playchess.com"]
[Source "ChessBase"]
[SourceQuality "1"]
[TimeControl "40/5400+30:1800+30"]

1. e4 e6 2. d4 d5 3. Nc3 dxe4 4. Nxe4 Nf6 5. Bd3 Nxe4 6. Bxe4 Nd7 7. Nf3 Nf6 8. Bd3 Be7 9. O-O O-O 10. Ne5 c5 11. dxc5 Bxc5 12. Qe2 Bd6 13. Bg5 Bxe5 14. Qxe5 Qd5 15. Bxf6 gxf6 16. Qxf6 Qd8 17. Qh6 f5 18. Bc4 Qf6 19. Qxf6 Rxf6 20. Rad1 Kg7 21. Rd8 a6 22. Rfd1 Rf8 23. Rxf8 Kxf8 24. Rd8+ Ke7 25. Rh8 Kd6 26. Re8 a5 27. Bxe6 Bxe6 28. Rxa8 f4 1-0

[Event "IIFL Wealth 4th Mumbai GM"]
[Site "Mumbai"]
[Date "2018.12.30"]
[Round "1"]
[White "Pranav Vijay"]
[Black "Trisha Kanyamarala"]
[Result "1-0"]
[ECO "B10"]
[WhiteElo "2265"]
[BlackElo "1942"]
[Annotator "NA"]
[PlyCount "71"]
[EventDate "2018.12.30"]
[EventType "swiss"]
[EventCountry "IND"]
[SourceTitle "playchess.com"]
[Source "ChessBase"]
[SourceQuality "1"]
[TimeControl "40/5400+30:1800+30"]

1. e4 c6 2. Nc3 d5 3. Qe2 d4 4. Nd1 e5 5. g3 Bd6 6. Bg2 Nf6 7. d3 O-O 8. Nh3 Bd7 9. f3 c5 10. O-O Nc6 11. Ndf2 Ne8 12. f4 exf4 13. Nxf4 Nf6 14. c4 Re8 15. Bd2 Ne5 16. Bh3 Qc8 17. Bxd7 Qxd7 18. Kg2 a5 19. a4 Nfg4 20. Nd5 Qe6 21. Nh3 Ra6 22. Nhf4 Qd7 23. h3 Nh6 24. Nh5 Be7 25. Rf2 Bd8 26. b3 f5 27. Bxh6 Rxh6 28. Rxf5 Nxc4 29. Qg4 Ne5 30. Rxe5 Qxg4 31. Rxe8+ Kf7 32. hxg4 Kxe8 33. Nxg7+ Kf7 34. Nf5 Rg6 35. Rh1 Rxg4 36. Nh6+ 1-0

[Event "IIFL Wealth 4th Mumbai GM"]
[Site "Mumbai"]
[Date "2018.12.30"]
[Round "1"]
[White "Ziatdinov, Raset"]
[Black "Shah, Ram Surat Prasad"]
[Result "1-0"]
[ECO "C00"]
[WhiteElo "2252"]
[BlackElo "1639"]
[Annotator "NA"]
[PlyCount "87"]
[EventDate "2018.12.30"]
[EventType "swiss"]
[EventCountry "IND"]
[SourceTitle "playchess.com"]
[Source "ChessBase"]
[SourceQuality "1"]
[TimeControl "40/5400+30:1800+30"]

1. e4 e6 2. f4 d5 3. e5 c5 4. Nf3 Nc6 5. Be2 g6 6. O-O Bg7 7. Na3 a6 8. d4 cxd4 9. Nxd4 Nge7 10. Be3 O-O 11. Nxc6 bxc6 12. Bc5 Re8 13. g4 f5 14. g5 Kf7 15. Rf3 Ng8 16. Qd4 Bd7 17. Rb3 h6 18. h4 Qc8 19. Rd1 Bf8 20. Rdd3 Bxc5 21. Qxc5 Qc7 22. Rb6 Reb8 23. Rdb3 Rxb6 24. Qxb6 Qxb6+ 25. Rxb6 a5 26. Kf2 Ra7 27. Ke3 hxg5 28. hxg5 a4 29. Kd4 Ne7 30. c4 Ra5 31. c5 Nc8 32. Ra6 Rxa6 33. Bxa6 Na7 34. Kc3 Ke7 35. Kb4 Kd8 36. Kxa4 Bc8 37. Bd3 Kc7 38. Nc2 Bd7 39. Nd4 Nc8 40. b4 Na7 41. Ba6 Kb8 42. Ka5 Nb5 43. Bxb5 cxb5 44. Kb6 1-0

[Event "IIFL Wealth 4th Mumbai GM"]
[Site "Mumbai"]
[Date "2018.12.30"]
[Round "1"]
[White "Saurabh Anand"]
[Black "Dhungel, Uttam"]
[Result "1-0"]
[ECO "B42"]
[WhiteElo "2246"]
[BlackElo "1587"]
[Annotator "NA"]
[PlyCount "65"]
[EventDate "2018.12.30"]
[EventType "swiss"]
[EventCountry "IND"]
[SourceTitle "playchess.com"]
[Source "ChessBase"]
[SourceQuality "1"]
[TimeControl "40/5400+30:1800+30"]

1. e4 c5 2. Nf3 e6 3. d4 cxd4 4. Nxd4 a6 5. Bd3 Nc6 6. Nxc6 bxc6 7. O-O Qc7 8. c4 Nf6 9. Nc3 Be7 10. Qe2 h5 11. e5 Ng4 12. f4 c5 13. h3 Nh6 14. f5 Bb7 15. fxe6 dxe6 16. Be4 h4 17. Bxh6 Rxh6 18. Qf3 O-O-O 19. Bxb7+ Qxb7 20. Qxb7+ Kxb7 21. Rxf7 Rd7 22. Rxg7 Kc6 23. Rf1 Bd8 24. Rxd7 Kxd7 25. Rd1+ Ke7 26. Rd6 Bc7 27. Nd5+ exd5 28. Rxh6 Bxe5 29. cxd5 Bxb2 30. Rxh4 Kd6 31. Kf1 Be5 32. Ke2 Kxd5 33. Kd3 1-0

[Event "IIFL Wealth 4th Mumbai GM"]
[Site "Mumbai"]
[Date "2018.12.30"]
[Round "1"]
[White "Navalgund, Niranjan"]
[Black "Ahsan, Ali Jewel"]
[Result "1-0"]
[ECO "A53"]
[WhiteElo "2240"]
[BlackElo "1363"]
[Annotator "NA"]
[PlyCount "95"]
[EventDate "2018.12.30"]
[EventType "swiss"]
[EventCountry "IND"]
[SourceTitle "playchess.com"]
[Source "ChessBase"]
[SourceQuality "1"]
[TimeControl "40/5400+30:1800+30"]

1. d4 Nf6 2. c4 d6 3. Nc3 d5 4. cxd5 Nxd5 5. e4 Nxc3 6. bxc3 b6 7. Bb5+ Bd7 8. Bc4 e6 9. Nf3 Be7 10. O-O O-O 11. Ne5 Nc6 12. Nxd7 Qxd7 13. Qg4 Kh8 14. Be3 Na5 15. Bd3 f5 16. exf5 exf5 17. Qh3 h6 18. Rfe1 Rad8 19. Bxh6 Kg8 20. Bf4 Bd6 21. Bg5 Rc8 22. Rad1 g6 23. Qh6 Qh7 24. Qxh7+ Kxh7 25. Re6 Rf7 26. Rde1 Kg7 27. R1e3 Rh8 28. h4 Nc6 29. Bb5 Nb8 30. Be8 f4 31. R3e4 Rxe8 32. Rxe8 Nd7 33. R4e6 Nf8 34. Re1 f3 35. Be7 fxg2 36. Bxd6 cxd6 37. Kxg2 Rd7 38. R1e7+ Rxe7 39. Rxe7+ Kf6 40. Rxa7 Ne6 41. Rb7 Nf4+ 42. Kf3 Nd5 43. c4 Nc3 44. Rxb6 Ke7 45. c5 dxc5 46. dxc5 Kd7 47. Rxg6 Nxa2 48. h5 1-0

[Event "IIFL Wealth 4th Mumbai GM"]
[Site "Mumbai"]
[Date "2018.12.30"]
[Round "1"]
[White "Mohite, Ranveer"]
[Black "Kafle, Binod"]
[Result "1-0"]
[ECO "C60"]
[WhiteElo "2236"]
[BlackElo "1191"]
[Annotator "NA"]
[PlyCount "53"]
[EventDate "2018.12.30"]
[EventType "swiss"]
[EventCountry "IND"]
[SourceTitle "playchess.com"]
[Source "ChessBase"]
[SourceQuality "1"]
[TimeControl "40/5400+30:1800+30"]

1. e4 e5 2. Nf3 Nc6 3. Bb5 f6 4. O-O Bc5 5. c3 a6 6. Bc4 d6 7. d4 exd4 8. cxd4 Ba7 9. h3 Bd7 10. Re1 Qe7 11. Nc3 Nb4 12. Bxg8 Rxg8 13. Qb3 O-O-O 14. Qxb4 Bc6 15. Be3 Bxe4 16. Bd2 f5 17. Bg5 Qf7 18. Bxd8 Rxd8 19. Nxe4 fxe4 20. Rxe4 Bb6 21. a4 a5 22. Qb5 d5 23. Re3 Kb8 24. Rae1 Ka7 25. b4 c6 26. Qd3 Bc7 27. Re7 1-0

[Event "IIFL Wealth 4th Mumbai GM"]
[Site "Mumbai"]
[Date "2018.12.30"]
[Round "1"]
[White "Praveen Kumar C"]
[Black "Aleksandrov, Aleksej"]
[Result "0-1"]
[ECO "E04"]
[WhiteElo "2233"]
[BlackElo "2590"]
[Annotator "ChessBase"]
[PlyCount "58"]
[EventDate "2018.12.30"]
[EventType "swiss"]
[EventCountry "IND"]
[SourceTitle "playchess.com"]
[Source "ChessBase"]
[SourceQuality "1"]
[TimeControl "40/5400+30:1800+30"]

1. d4 Nf6 2. c4 e6 3. g3 d5 4. Nf3 dxc4 5. Bg2 Nc6 6. Qa4 Nd5 7. Qxc4 Nb6 8. Qb5 a6 9. Qd3 e5 10. O-O exd4 11. Rd1 Bc5 12. a3 O-O 13. Nbd2 Be7 14. Nb3 Bf6 15. Qc2 Be6 16. Nc5 Qc8 17. Nxb7 Qxb7 18. Ng5 Bxg5 19. Bxc6 Bb3 20. Qe4 Rae8 21. Bxb7 Rxe4 22. Bxe4 Bxd1 23. Bxg5 Bxe2 24. Rc1 h6 25. Bf4 g5 26. Bd2 Nc4 27. Bb4 Rd8 28. b3 c5 29. Bxc5 Nd2 0-1

[Event "IIFL Wealth 4th Mumbai GM"]
[Site "Mumbai"]
[Date "2018.12.30"]
[Round "1"]
[White "Mehdi Hasan Parag"]
[Black "Deepan Chakkravarthy J."]
[Result "0-1"]
[ECO "C55"]
[WhiteElo "2218"]
[BlackElo "2550"]
[Annotator "ChessBase"]
[PlyCount "102"]
[EventDate "2018.12.30"]
[EventType "swiss"]
[EventCountry "IND"]
[SourceTitle "playchess.com"]
[Source "ChessBase"]
[SourceQuality "1"]
[TimeControl "40/5400+30:1800+30"]

1. e4 e5 2. Nf3 Nc6 3. Bc4 Nf6 4. d3 h6 5. a4 Bc5 6. O-O d6 7. c3 a6 8. Re1 Ba7 9. Nbd2 g5 10. Nf1 g4 11. N3d2 h5 12. Nb3 Rg8 13. Be3 Bxe3 14. Rxe3 h4 15. d4 Nh5 16. Bd5 Qg5 17. Bxc6+ bxc6 18. dxe5 Qxe5 19. Qd4 Rg5 20. Qxe5+ Rxe5 21. Nbd2 Rb8 22. b3 Be6 23. c4 a5 24. Rae1 Kd7 25. f3 g3 26. hxg3 hxg3 27. Nxg3 Nxg3 28. f4 Nf5 29. Rf3 Nh4 30. fxe5 Nxf3+ 31. gxf3 dxe5 32. Kf2 Kd6 33. Rh1 Kc5 34. Ke3 Rd8 35. Rh5 Kb4 36. Rxe5 Kc3 37. Nf1 Kxb3 38. Rxa5 Kxc4 39. Ra7 c5 40. Nd2+ Kc3 41. Nb1+ Kc2 42. Rxc7 Kxb1 43. Rxc5 Kb2 44. f4 Kb3 45. f5 Bc4 46. Kf4 Rd4 47. a5 Kb4 48. Rc7 Rd6 49. e5 Ra6 50. e6 fxe6 51. f6 Rxa5 0-1

[Event "IIFL Wealth 4th Mumbai GM"]
[Site "Mumbai"]
[Date "2018.12.30"]
[Round "1"]
[White "Aaryan Varshney"]
[Black "Movsziszian, Karen"]
[Result "1-0"]
[ECO "B06"]
[WhiteElo "2200"]
[BlackElo "2505"]
[Annotator "ChessBase"]
[PlyCount "42"]
[EventDate "2018.12.30"]
[EventType "swiss"]
[EventCountry "IND"]
[SourceTitle "playchess.com"]
[Source "ChessBase"]
[SourceQuality "1"]
[TimeControl "40/5400+30:1800+30"]

1. d4 d6 2. e4 g6 3. Nc3 Bg7 4. Nf3 a6 5. a4 b6 6. Bd3 Nc6 7. Be3 Nf6 8. h3 e5 9. dxe5 dxe5 10. Bc4 Bd7 11. O-O O-O 12. Qd2 Qc8 13. Rfd1 Re8 14. Ng5 Nd8 15. Nd5 Be6 16. Nxf6+ Bxf6 17. Nxe6 Nxe6 18. Qd7 Qb8 19. Qc6 Re7 20. Bd5 Ra7 21. a5 Qd8 1-0

[Event "IIFL Wealth 4th Mumbai GM"]
[Site "Mumbai"]
[Date "2018.12.30"]
[Round "1"]
[White "Phadke Sohan"]
[Black "Rahman, Ziaur"]
[Result "*"]
[ECO "B06"]
[WhiteElo "2191"]
[BlackElo "2468"]
[Annotator "ChessBase"]
[PlyCount "32"]
[EventDate "2018.12.30"]
[EventType "swiss"]
[EventCountry "IND"]
[SourceTitle "playchess.com"]
[Source "ChessBase"]
[SourceQuality "1"]
[TimeControl "40/5400+30:1800+30"]

1. e4 g6 2. d4 Bg7 3. Nc3 d6 4. f4 Nf6 5. Nf3 O-O 6. Be3 b6 7. Qd2 Bb7 8. Bd3 c5 9. e5 cxd4 10. Bxd4 dxe5 11. fxe5 Ne8 12. Qe3 Nc6 13. Rd1 Nxd4 14. Nxd4 Qc7 15. Nf3 Bxf3 16. Qxf3 Rd8 *

[Event "IIFL Wealth 4th Mumbai GM"]
[Site "Mumbai"]
[Date "2018.12.30"]
[Round "1"]
[White "Phadke Sohan"]
[Black "Rahman, Ziaur"]
[Result "0-1"]
[ECO "B09"]
[WhiteElo "2191"]
[BlackElo "2468"]
[Annotator "ChessBase"]
[PlyCount "74"]
[EventDate "2018.12.30"]
[EventType "swiss"]
[EventCountry "IND"]
[SourceTitle "playchess.com"]
[Source "ChessBase"]
[SourceQuality "1"]
[TimeControl "40/5400+30:1800+30"]

1. e4 g6 2. d4 Bg7 3. Nc3 d6 4. f4 Nf6 5. Nf3 O-O 6. Be3 b6 7. Qd2 Bb7 8. Bd3 c5 9. e5 cxd4 10. Bxd4 dxe5 11. fxe5 Ne8 12. Qe3 Nc6 13. O-O-O Nxd4 14. Nxd4 Qc7 15. Nf3 Bxf3 16. Qxf3 Rd8 17. Rhe1 e6 18. Qe3 Qe7 19. Qf4 Nc7 20. h4 Nd5 21. Nxd5 Rxd5 22. h5 Rfd8 23. hxg6 hxg6 24. Kb1 Qc7 25. Qh4 R8d7 26. Re4 Rxe5 27. Rh1 Rh5 28. Qe1 Rxh1 29. Qxh1 Qd8 30. g4 Qf6 31. Qc1 Rd5 32. a3 Rd4 33. g5 Qd8 34. Qe3 Rxe4 35. Qxe4 Qxg5 36. Qa8+ Kh7 37. Qxa7 Qg1+ {[%emt 0:00:34] c3 [%clk 0:09:03] Qd4 [%clk 0:07:13] Qxb6 [%clk 0:39:50] Qxd3+ [%clk 0:36:50]} 0-1